 Dungeon Crawl Stone Soup version 0.26.0-10-g1f06aea511 (webtiles) character file.

Game seed: 15356273914304221627

863 EnegeticOcto the Chopper (level 7, -1/61 HPs)
             Began as a Deep Dwarf Delver on Jan 14, 2021.
             Was a Follower of Okawaru.
             Succumbed to a gnoll sergeant's poison
             ... on level 6 of the Dungeon.
             The game lasted 00:06:17 (766 turns).

EnegeticOcto the Chopper (Deep Dwarf Delver)         Turns: 766, Time: 00:06:18

Health: -1/61      AC: 12    Str: 17    XL:     7   Next: 72%
Magic:  4/4        EV:  8    Int: 11    God:    Okawaru [*.....]
Gold:   56         SH:  0    Dex: 14    Spells: 10/10 levels left

rFire    . . .     SeeInvis .   a - +0 hand axe
rCold    . . .     Faith    .   (no shield)
rNeg     . . .     Spirit   .   h - +0 plate armour
rPois    .         Reflect  .   (no helmet)
rElec    .         Harm     .   (no cloak)
rCorr    .         Rampage  .   (no gloves)
Will     +....                  (no boots)
Stlth    ..........             (no amulet)
HPRegen  0.00/turn              (no ring)
MPRegen  0.09/turn              (no ring)

@: lethally poisoned (-1 -> -76), heroism, non-regenerating
A: damage resistance, heal wounds, sense surroundings 1, no regeneration
a: Heal Wounds, Renounce Religion, Heroism


You were on level 6 of the Dungeon.
You worshipped Okawaru.
Okawaru was aware of your devotion.
You visited 2 branches of the dungeon, and saw 5 of its levels.

You collected 56 gold pieces.

Inventory:

Hand Weapons
 a - a +0 hand axe (weapon)
Missiles
 j - 2 boomerangs (quivered)
Armour
 b - a +0 leather armour
 h - a +0 plate armour (worn)
Wands
 g - a wand of digging (3) {@v3}
 k - a wand of flame (17)
Scrolls
 c - a scroll of fog
 d - 2 scrolls of remove curse {unknown}
 e - a scroll of fear
 l - a scroll of random uselessness {unknown}
 m - 2 scrolls of teleportation {unknown}
Potions
 f - a potion of haste {@q4}
 i - a potion of curing {unknown}
 n - a potion of mutation {unknown}


   Skills:
 - Level 2.6(7.6) Fighting
 + Level 7.1(12.1) Axes
 + Level 3.8(8.8) Throwing
 - Level 2.1(7.1) Dodging
 - Level 6.0(11.0) Stealth
 - Level 2.0 Spellcasting
 + Level 3.9 Invocations


You had 10 spell levels left.
You didn't know any spells.
Your spell library was empty.

Dungeon Overview and Level Annotations

Branches:
Dungeon (7/15)             Temple (1/1) D:5

Altars:
Dithmenos
Fedhas
Kikubaaqudgha
Nemelex Xobeh
Okawaru
Qazlal
Uskayaw
Yredelemnul
Zin
The Shining One
Jiyva

Annotations:
D:6 1 transporter


Innate Abilities, Weirdness & Mutations

You are resistant to damage.
You can heal yourself by infusing magical energy.
You passively map a small area around you.
You do not regenerate.


Message History

The gnoll hits you but does no damage.
The gnoll sergeant hits you with a +1 spear of venom.
You are more poisoned.
The gnoll hits you from afar with a +2 vampiric spear.
* * * LOW HITPOINT WARNING * * *
You hit the gnoll.
The gnoll is moderately wounded.
Your plate armour prevents you from hitting the gnoll sergeant.
* * * LOW HITPOINT WARNING * * *
You feel very sick.
The gnoll sergeant hits you with a +1 spear of venom.
* * * LOW HITPOINT WARNING * * *
You are more poisoned.
The gnoll hits you with a +0 club.
* * * LOW HITPOINT WARNING * * *
The gnoll hits you from afar with a +2 vampiric spear.
You feel much better.
You feel very sick. The gnoll sergeant closely misses you.
The gnoll completely misses you. The gnoll closely misses you.
The gnoll sergeant blocks your attack.
The gnoll sergeant is moderately wounded.
You hit the gnoll.
You feel very sick.
The gnoll sergeant hits you with a +1 spear of venom.
You are more poisoned.
Your magical essence is drained by the effort!
You feel much better.
You feel extremely sick.
The gnoll hits you but does no damage. x2
The gnoll sergeant closely misses you.
You hit the gnoll sergeant but do no damage.
The gnoll sergeant is moderately wounded.
You hit the gnoll.
You kill the gnoll!
Okawaru accepts your kill.
You feel very sick. The gnoll hits you but does no damage.
You slash the gnoll sergeant!
The gnoll sergeant is heavily wounded.
You feel very sick.
The gnoll sergeant hits you with a +1 spear of venom.
You are more poisoned.
The gnoll hits you but does no damage.
You feel much better.
You feel very sick.
The gnoll sergeant hits you but does no damage.
You are more poisoned.
The gnoll barely misses you.
You feel extremely sick.
The gnoll sergeant hits you but does no damage.
You are more poisoned.
The gnoll hits you with a +2 vampiric spear.
There is an open translucent door, spattered with blood here.
Items here: )))) / [ †††††.
You hit the gnoll but do no damage. The gnoll sergeant blocks your attack.
You feel very sick.
The gnoll sergeant hits you but does no damage.
You are more poisoned.
You feel much better.
You feel extremely sick.
The gnoll hits you with a +2 vampiric spear.
The gnoll sergeant hits you but does no damage.
You are more poisoned.
You barely miss the gnoll. Your punch misses the gnoll.
You hit the gnoll sergeant but do no damage.
You feel very sick. The gnoll misses you.
The gnoll sergeant hits you but does no damage.
You are more poisoned.
You slash the gnoll!
You kill the gnoll!
Okawaru accepts your kill.
You hit the gnoll sergeant but do no damage.
You feel very sick.
You hit the gnoll sergeant but do no damage.
The gnoll sergeant is heavily wounded.
You feel very sick.
The gnoll sergeant hits you but does no damage.
You hit the gnoll sergeant but do no damage.
The gnoll sergeant is heavily wounded.
You feel very sick. The gnoll sergeant barely misses you.
You completely miss the gnoll sergeant.
The gnoll sergeant is heavily wounded.
You feel very sick. The gnoll sergeant blocks your attack.
The gnoll sergeant is heavily wounded.
You feel very sick.
The gnoll sergeant hits you with a +1 spear of venom!
* * * LOW HITPOINT WARNING * * *
You feel very sick.
The gnoll sergeant hits you with a +1 spear of venom.
* * * LOW HITPOINT WARNING * * *
You are more poisoned.
* * * LOW HITPOINT WARNING * * *
You feel extremely sick.
The gnoll sergeant hits you but does no damage.
You are more poisoned.
You die...

#.≈≈##g###.###.##≈≈.#...###
#.≈≈#...........#≈≈........
#.≈≈###.##'##.###≈≈.....### ,
#.≈≈..#.#P.P#.#..≈≈.##.####.
#.≈≈.##.#⌠.⌠#.##.≈≈..........
#.≈≈.#..#P.P#.©#.≈≈.###.####.
#.≈≈.##.##.##.##.≈≈.# * # ...
#.≈≈..#.#P..#)#.....###.# .(.
#.≈≈.©#.'.©.@g#©........# ...
#.≈≈..#.#8⌠8#)#.....##......_
#.≈≈.##.#####)##.≈≈.# .#.
#.≈≈.#g.#=:(#..#.≈≈..# ,
#.≈≈.##.#..$#.##.≈≈....,
#.≈≈..#.#$$=#.#..≈≈.###. ###.
#.≈≈###.##'##.###≈≈.# * .....
#.≈≈#...........#≈≈.# .###
#.≈≈##.###W###.##≈≈.## ,,


You could see a gnoll sergeant.

Vanquished Creatures
  The ghost of lagdotcom the Skirmisher, a novice GrGl of Okawaru (D:6)
  An ogre (D:7)
  A centaur (D:7)
  A bullfrog (D:6)
  2 gnoll sergeants (D:6)
  A gnoll shaman (D:6)
  An orc priest (D:5)
  A bullfrog zombie (D:5)
  A bullfrog skeleton (D:5)
  A worker ant (D:6)
  An iguana (D:5)
  7 gnolls (D:6)
  3 orcs (D:5)
  A ball python (D:4)
  A frilled lizard (D:5)
24 creatures vanquished.

Vanquished Creatures (others)
  A plant (D:6)
1 creature vanquished.

Grand Total: 25 creatures vanquished

Notes
Turn   | Place    | Note
-------+----------+-------------------------------------------
     0 | D:5      | EnegeticOcto the Deep Dwarf Delver began the quest for the
                  | Orb.
     0 | D:5      | Reached XP level 1. HP: 20/20 MP: 1/1
   102 | D:5      | Noticed an orc priest
   112 | D:5      | Killed an orc priest
   113 | D:5      | Reached skill level 4 in Axes
   113 | D:5      | Reached XP level 2. HP: 10/27 MP: 2/2
   113 | D:5      | Reached XP level 3. HP: 13/33 MP: 3/3
   125 | D:5      | Reached XP level 4. HP: 28/40 MP: 4/4
   198 | D:5      | Found a staircase to the Ecumenical Temple.
   207 | Temple   | Entered the Ecumenical Temple
   271 | Temple   | Became a worshipper of Warmaster Okawaru
   308 | D:5      | Reached skill level 5 in Axes
   362 | D:6      | Noticed a bullfrog
   367 | D:6      | Killed a bullfrog
   368 | D:6      | Reached skill level 1 in Throwing
   368 | D:6      | Reached XP level 5. HP: 42/46 MP: 4/6
   374 | D:6      | Reached skill level 1 in Spellcasting
   425 | D:6      | Found a shadowy altar of Dithmenos.
   461 | D:7      | Noticed a centaur
   482 | D:7      | Killed a centaur
   482 | D:7      | Reached * piety under Okawaru
   483 | D:7      | Reached skill level 6 in Axes
   483 | D:7      | Reached XP level 6. HP: 34/55 MP: 6/8
   515 | D:6      | Noticed lagdotcom's ghost (novice GrGl)
   579 | D:6      | Found a transporter.
   579 | D:6      | Found a transporter.
   608 | D:6      | Paralysed by a gnoll sergeant for 4 turns
   642 | D:6      | Reached skill level 1 in Invocations
   698 | D:6      | Killed lagdotcom's ghost
   699 | D:6      | Reached XP level 7. HP: 35/61 MP: 7/9
   708 | D:6      | Reached skill level 7 in Axes
   766 | D:6      | Succumbed to a gnoll sergeant's poison

Illustrated notes

Levels and vault maps discovered:
D:4:      layout_cave_pods, ashenzari_conservatory_becter,
          gammafunk_temple_overflow_statue, lemuel_old_faithful
D:5:      layout_gridville, minmay_temple_entry_purple_smoke
D:6:      layout_loops_ring, old_standard_altar, gammafunk_ghost_gnarly_gnolls,
          evilmike_ruin_ashenzari
D:7:      layout_rooms, basic_altar, grunt_tough_drop
Temple:   pf_slimified_temple

Skill      XL: |  1  2  3  4  5  6  7 |
---------------+----------------------+-----
Axes           | 4 5 6 7 |  7.1
Throwing       | 1 2 3 |  3.8
Spellcasting   | 1 2 |  2.0
Invocations    | 3 |  3.9
Fighting       | |  2.6
Dodging        | |  2.1
Stealth        | |  6.0

Action                   |  1- 3 |  4- 6 |  7- 9 || total
-------------------------+-------+-------+-------++-------
Melee: Hand axe          |    21 |   106 |    48 ||   175
       Unarmed           |       |    10 |       ||    10
       Punch             |       |     1 |     2 ||     3
Throw: Boomerang         |     2 |     6 |       ||     8
Invok: Heroism           |       |     5 |     2 ||     7
 Abil: Heal Wounds       |     2 |     9 |    11 ||    22
Evoke: Wand              |       |     7 |       ||     7
  Use: Scroll            |     1 |       |       ||     1
Armor: Plate armour      |    20 |    59 |    60 ||   139
Dodge: Dodged            |     7 |    86 |    33 ||   126
